 Dungeon Crawl Stone Soup version 0.29-a0-319-gad05b8d819 (webtiles) character file.

Game seed: 12282646699903319529

7 GigaChad the Skirmisher (level 1, -1/18 HPs)
             Began as a Demonspawn Abyssal Knight on Apr 1, 2022.
             Was a Believer of Lugonu.
             Succumbed to an adder's poison
             ... on level 2 of the Dungeon.
             The game lasted 00:01:38 (366 turns).

GigaChad the Skirmisher (Demonspawn Abyssal Knight)  Turns: 366, Time: 00:01:38

Health: -1/18      AC: 13    Str: 13    XL:     1   Next: 91%
Magic:  2/2        EV:  3    Int: 11    God:    Lugonu [**....]
Gold:   22         SH:  0    Dex: 13    Spells: 0/0 levels left

rFire   . . .      SeeInvis .   a - +1 falchion
rCold   . . .      Faith    .   (no shield)
rNeg    . . .      Spirit   .   i - +0 plate armour
rPois   .          Reflect  .   c - +2 helmet
rElec   .          Harm     .   (no cloak)
rCorr   .          Rampage  .   (no gloves)
Will    .....                   (no boots)
Stlth   ..........              (no amulet)
HPRegen 0.06/turn               (no ring)
MPRegen 0.08/turn               (no ring)

@: lethally poisoned (-1 -> -9)
A: no striking features
a: Renounce Religion, Depart the Abyss, Bend Space


You were on level 2 of the Dungeon.
You worshipped Lugonu.
Lugonu was pleased with you.
You visited 1 branch of the dungeon, and saw 2 of its levels.
You visited the Abyss 1 time.

You collected 22 gold pieces.

Inventory:

Hand Weapons
 a - a +1 falchion (weapon)
 f - a +2 dagger of electrocution
Missiles
 e - 4 atropa-tipped darts
Armour
 b - a +0 leather armour
 c - a +2 helmet (worn)
 h - a +0 ring mail
 i - a +0 plate armour (worn)
Scrolls
 d - 2 scrolls of identify {unknown}
Potions
 g - a potion of cancellation {unknown}


   Skills:
 + Level 3.3 Fighting
 + Level 2.0 Long Blades
 + Level 1.9 Armour
 + Level 0.8 Dodging
 + Level 2.4 Invocations


You couldn't memorise any spells.
You didn't know any spells.
Your spell library contained the following spells:

 Spells                   Type           Power      Damage    Failure   Level
 Foxfire                  Conj/Fire      0%         2x1d4     100%        1
 Conjure Flame            Conj/Fire      0%         6-21      100%        3
 Inner Flame              Hex/Fire       0%         N/A       100%        3
 Flame Wave               Conj/Fire      0%         2d4       100%        4


Dungeon Overview and Level Annotations

Branches:
Dungeon (2/15)

Altars:


Message History

The adder bites you but does no damage.
The endoplasm hits you but does no damage.
The adder bites you but does no damage.
You hit the adder.
The adder is severely wounded.
The adder bites you but does no damage.
The endoplasm hits you but does no damage.
The adder bites you but does no damage.
The endoplasm hits you but does no damage.
The adder bites you.
You are poisoned.
The adder poisons you!
You hit the endoplasm.
You kill the endoplasm!
Lugonu accepts your kill.
You feel sick. The adder bites you but does no damage.
You feel sick. The adder bites you.
* * * LOW HITPOINT WARNING * * *
The adder barely misses you.
You closely miss the adder.
The adder is severely wounded.
You feel sick. The adder bites you.
* * * LOW HITPOINT WARNING * * *
You hit the adder.
The adder is almost dead.
You feel sick.
You are no longer poisoned.
The adder bites you but does no damage. x2
You closely miss the adder.
The adder is almost dead.
The adder bites you but does no damage.
You closely miss the adder.
The adder is almost dead.
The adder bites you but does no damage. The adder bites you.
* * * LOW HITPOINT WARNING * * *
You are lethally poisoned!
The adder poisons you!
You closely miss the adder.
The adder is almost dead.
You die...

##### ##...##
##.....## #.......#
#### #.......# #..#
#.......# #..#
#.....# ##..#
##..@S.###### #...#
#...........#
####.#.#
#........#..#
.....#.#
##.......#...#
.†..##.#####.......##
#.#
.....>.##..#.##...###
#
....#####...........#
....# #.##.##.....# #
....#
##.##........#.#.


You could see an adder.

Vanquished Creatures
  3 ball pythons (D:2)
  An endoplasm (D:2)
  A kobold (D:1)
  A rat (D:1)
6 creatures vanquished.

Notes
Turn   | Place    | Note
-------+----------+-------------------------------------------
     0 | Abyss:1  | GigaChad the Demonspawn Abyssal Knight began the quest for
                  | the Orb.
     0 | Abyss:1  | Reached XP level 1. HP: 18/18 MP: 2/2
     0 | D:1      | Escaped the Abyss
   303 | D:2      | Reached ** piety under Lugonu
   366 | D:2      | Succumbed to an adder's poison

Illustrated notes

Levels and vault maps discovered:
D:1:      minmay_arrival_plants_in_alcoves, layout_basic,
          dreamdust_ecumenical_altar_angels_and_demons
D:2:      layout_rooms, basic_altar, serial_rivers,
          chequers_serial_rivers_large_a, chequers_serial_rivers_small_b,
          chequers_serial_rivers_small_3, chequers_serial_rivers_large_b

Skill      XL: |  1 |
---------------+----+-----
Long Blades    | 2 |  2.0
Fighting       | |  3.3
Armour         | |  1.9
Dodging        | |  0.8
Invocations    | |  2.4

Action                   || total
-------------------------++-------
Melee: Falchion          ||    24
Invok: Depart the Abyss  ||     1
Armor: Plate armour      ||    19
       Leather armour    ||     4
       Ring mail         ||     2
Dodge: Dodged            ||    10

Table legend: (Time is in decaauts)
 A = Elapsed time spent in this place.
 B = Non-inter-level travel time spent in this place.
 C = Inter-level travel time spent in this place.
 D = Time resting spent in this place.
 E = Time spent auto-exploring this place.
 F = Levels seen in this place.
 G = Mean time per level.
                   A        B        C        D        E       F      G
               +--------+--------+--------+--------+--------+-----+--------+
         Total |    370 |    370 |      0 |      0 |      0 |   3 |  123.3 |
       Dungeon |    370 |    370 |      0 |      0 |      0 |   2 |  185.0 |
         Abyss |      0 |      0 |      0 |      0 |      0 |   1 |    0.0 |
               +--------+--------+--------+--------+--------+-----+--------+

Top non-repeatable levels by time:
     D:1: 241 daAuts
     D:2: 128 daAuts
